 Dungeon Crawl Stone Soup version 0.32-a0-886-g41c5271027 (webtiles) character file.

Game seed: 11189426439801296148

1913512 KennySheep the Shapeless Naga (level 27, 279/279 HPs)
             Began as a Naga Alchemist on Apr 1, 2024.
             Was the Champion of Wu Jian.
             Escaped with the Orb
             ... and 3 runes on Apr 2, 2024!
             The game lasted 05:00:48 (55561 turns).

KennySheep the Shapeless Naga (Naga Alchemist)     Turns: 55561, Time: 05:00:49

Health: 279/279    AC: 23    Str: 21    XL:     27
Magic:  20/20      EV: 46    Int: 17    God:    Wu Jian [******]
Gold:   2791       SH:  8    Dex: 16    Spells: 15/34 levels left

rFire   + +          .
                       - Unarmed
rCold   + . .        (shield currently unavailable)
rNeg    + . .        (body armour currently unavailable)
rPois   ∞            (helmet currently unavailable)
rElec   +            (cloak currently unavailable)
rCorr   +            (gloves currently unavailable)
SInv    +            (no barding)
Will    ++++.        A - brooch of Shielding {Spirit SH+8}
Stlth   +++          m - ring of the Tortoise {AC+8}
HPRegen 1.46/turn    B - ring "Sihui" {rF++ rC+ rN+ rCorr MP-9}
MPRegen 0.17/turn

%: clarity, guardian spirit
@: storm-form, flying, studying 2 skills
A: cleaving, insubstantial, flying, AC +9, large, see invisible, (deformed
body), (poison resistance), (slowness 2), spit poison 1, (naga tail 2), thin
skeletal structure 1, clarity, (cold resistance 1), strong-willed 1,
regeneration 1
0: Orb of Zot
}: 3/15 runes: barnacled, silver, gossamer
a: Spit Poison, Blinkbolt, Begin Untransformation, Renounce Religion, Wall Jump,
Serpent's Lash, Heavenly Storm


You escaped.
You worshipped Wu Jian.
Wu Jian was exalted by your worship.
You were a lightning-filled tempest!
You visited 10 branches of the dungeon, and saw 49 of its levels.
You also visited: Bailey, Gauntlet and Desolation.

You collected 7050 gold pieces.
You spent 4236 gold pieces at shops.
You donated 23 gold pieces to Zin.

Inventory:

Missiles
 S - 6 throwing nets
Jewellery
 m - the ring of the Tortoise (left fist) {AC+8}
   (You took it off a kobold on level 2 of the Dungeon)

   [ring of protection]

   AC+8:      It affects your AC (+8).
 A - the brooch of Shielding (around neck) {Spirit SH+8}
   (You bought it in a shop on level 3 of the Elven Halls)

   [amulet of guardian spirit]

   Spirit:    It causes incoming damage to be divided between your reserves of
   health and magic.
   SH+8:      It affects your SH (+8).
 B - the ring "Sihui" (right fist) {rF++ rC+ rN+ rCorr MP-9}
   (You found it in the Desolation of Salt)

   [ring of positive energy]

   rF++:      It greatly protects you from fire.
   rC+:       It protects you from cold.
   rN+:       It protects you from negative energy.
   MP-9:      It affects your magic capacity (-9).
   rCorr:     It protects you from acid and corrosion.
 T - the ring "Ekakh" {rC+ rN+ Will++ Int+3 Stlth-}
   (You found it on level 2 of the Depths)

   [ring of positive energy]

   Int+3:     It affects your intelligence (+3).
   rC+:       It protects you from cold.
   rN+:       It protects you from negative energy.
   Will++:    It greatly increases your willpower.
   Stlth-:    It makes you less stealthy.
Talismans
 D - a talisman of death
 Y - a storm talisman (active)
Wands
 r - a wand of charming (14)
 t - a wand of light (15)
 x - a wand of polymorph (24)
 C - a wand of digging (17)
 L - a wand of flame (7)
 Q - a wand of mindburst (20)
Scrolls
 c - 31 scrolls of teleportation
 f - 8 scrolls of immolation
 g - 6 scrolls of enchant weapon
 h - 7 scrolls of poison
 i - 37 scrolls of identify
 j - 5 scrolls of summoning
 n - 7 scrolls of blinking
 o - 12 scrolls of revelation
 s - a scroll of torment
 u - 3 scrolls of vulnerability
 y - 3 scrolls of silence
 E - 7 scrolls of amnesia
 M - 8 scrolls of fog
 O - 6 scrolls of noise
 P - 5 scrolls of brand weapon
 U - 8 scrolls of enchant armour
 V - 7 scrolls of fear
Potions
 a - 7 potions of heal wounds
 b - 18 potions of curing
 d - 5 potions of ambrosia
 e - 5 potions of cancellation
 l - 3 potions of berserk rage
 q - 8 potions of brilliance
 v - 2 potions of attraction
 w - 9 potions of invisibility
 z - 11 potions of enlightenment
 F - 10 potions of might
 G - 4 potions of lignification
 H - 4 potions of mutation
 I - 2 potions of resistance
 N - 13 potions of haste
 W - 4 potions of magic
Miscellaneous
 k - a sack of spiders
 p - a lightning rod (4/4)
 J - a Gell's gravitambourine (2/2)
 K - a phantom mirror
 X - a tin of tremorstones (2/2)


   Skills:
 + Level 22.5 Fighting
 + Level 19.1 Dodging
 - Level 14.0 Stealth
 O Level 27 Unarmed Combat
 - Level 4.3 Spellcasting
 - Level 1.0 Conjurations
 - Level 4.0 Fire Magic
 - Level 13.0 Alchemy
 - Level 1.9 Evocations
 O Level 27 Shapeshifting


You had 15 spell levels left.
You knew the following spells:

 Your Spells              Type           Power      Damage    Failure   Level
b - Olgreb's Toxic Radia  Alch           47%        N/A       1%          4
c - Sticky Flame          Fire/Alch      32%        2d7       4%          4
d - Eringya's Noxious Bo  Alch           23%        4d6       11%         6
e - Alistair's Intoxicat  Alch           31%        N/A       1%          5

Your spell library contained the following spells:

 Spells                   Type           Power      Damage    Failure   Level
 Sting                    Conj/Alch      100%       1d9       1%          1
 Mercury Vapours          Alch/Air       50%        N/A       1%          2
 Scorch                   Fire           34%        2d6       4%          2
 Ignite Poison            Fire/Alch      32%        N/A       4%          4
 Mephitic Cloud           Conj/Alch/Air  19%        N/A       7%          3
 Fulminant Prism          Conj/Alch      13%        3d8       9%          4
 Magic Dart               Conj           28%        1d4       10%         1
 Leda's Liquefaction      Alch/Erth      12%        N/A       11%         4
 Kiss of Death            Conj/Necr      20%        2d7       12%         1
 Shock                    Conj/Air       20%        1d4       12%         1
 Summon Small Mammal      Summ           12%        N/A       16%         1
 Searing Ray              Conj           14%        2d5       16%         2
 Momentum Strike          Conj/Tloc      10%        3d8       19%         2
 Static Discharge         Conj/Air       10%        3-4/arc   19%         2
 Inner Flame              Hex/Fire       10%        N/A       21%         3
 Volatile Blastmotes      Fire/Tloc      20%        2d11      21%         3
 Blink                    Tloc           6%         N/A       22%         2
 Call Imp                 Summ           6%         N/A       22%         2
 Ensorcelled Hibernation  Hex/Ice        6%         N/A       22%         2
 Lesser Beckoning         Tloc           6%         N/A       22%         2
 Yara's Violent Unravell  Hex/Alch       12%        3d7       28%         5
 Dazzling Flash           Conj/Hex       10%        N/A       36%         3
 Call Canine Familiar     Summ           3%         N/A       41%         3
 Confusing Touch          Hex            3%         N/A       41%         3
 Fugue of the Fallen      Necr           3%         N/A       41%         3
 Maxwell's Portable Pile  Tloc           3%         2d(5-14)  41%         3
 Passwall                 Erth           3%         N/A       41%         3
 Swiftness                Air            3%         N/A       41%         3
 Tukima's Dance           Hex            3%         N/A       41%         3
 Vampiric Draining        Necr           3%         2d6       41%         3
 Flame Wave               Conj/Fire      12%        2d6       47%         4
 Summon Blazeheart Golem  Fire/Summ      10%        N/A       54%         4
 Brom's Barrelling Bould  Conj/Erth      5%         2d3       77%         4
 Iskenderun's Mystic Bla Conj/Tloc 5%             2d3        (+2d1     77%         4
 Airstrike                Air            1%         2d(1-17)  83%         4
 Anguish                  Hex/Necr       1%         N/A       83%         4
 Animate Dead             Necr           3%         N/A       83%         4
 Cause Fear               Hex            1%         N/A       83%         4
 Dimensional Bullseye     Hex/Tloc       1%         N/A       83%         4
 Dispel Undead            Necr           3%         3d7       83%         4
 Martyr's Knell           Necr/Summ      3%         N/A       83%         4
 Passage of Golubria      Tloc           3%         N/A       83%         4
 Summon Lightning Spire   Summ/Air       3%         N/A       83%         4
 Vhi's Electric Charge    Tloc/Air       6%         N/A       83%         4
 Fireball                 Conj/Fire      6%         3d5       83%         5
 Arcjolt                  Conj/Air       2%         1d12      98%         5
 Borgnjor's Vile Clutch   Necr/Erth      1%         N/A       99%         5
 Curse of Agony           Necr           3%         N/A       99%         5
 Lee's Rapid Deconstruct  Erth           1%         3d4*      99%         5
 Metabolic Englaciation   Hex/Ice        1%         N/A       99%         5
 Silence                  Hex/Air        1%         N/A       99%         5
 Summon Forest            Summ/Tloc      1%         N/A       99%         5
 Summon Mana Viper        Hex/Summ       3%         N/A       99%         5
 Death Channel            Necr           1%         N/A       100%        6
 Permafrost Eruption      Ice/Erth       1%         2x4d2     100%        6
 Plasma Beam              Fire/Air       5%         2x1d15    100%        6
 Starburst                Conj/Fire      6%         6d4       100%        6
 Malign Gateway           Summ/Tloc      1%         N/A       100%        7
 Ozocubu's Refrigeration  Ice            1%         4d7       100%        7
 Spellforged Servitor     Conj/Summ      2%         N/A       100%        7
 Borgnjor's Revivificati  Necr           1%         N/A       100%        8
 Discord                  Hex            1%         N/A       100%        8
 Ignition                 Fire           8%         3d5       100%        8
 Lehudib's Crystal Spear  Conj/Erth      2%         10d2      100%        8
 Maxwell's Capacitive Co  Air            1%         ∞         100%        8
 Summon Horrible Things   Summ           1%         N/A       100%        8
 Chain Lightning          Conj/Air       2%         3d3       100%        9
 Dragon's Call            Summ           1%         N/A       100%        9
 Fire Storm               Conj/Fire      6%         8d2       100%        9
 Shatter                  Erth           1%         3d6*      100%        9
 Sublimation of Blood     Necr           Unusable   N/A       N/A         2

Dungeon Overview and Level Annotations

Branches:
Dungeon (15/15)            Temple (0/1) D:7            Lair (5/5) D:8
 Shoals (4/4) Lair:2       Spider (4/4) Lair:2        Slime (0/5) Lair:4
    Orc (2/2) D:12            Elf (3/3) Orc:2        Vaults (5/5) D:14
  Crypt (2/3) Vaults:3     Depths (4/4) D:15            Zot (5/5) Depths:4
 Bailey (visited)         Desolation (visited)      Gauntlet (visited)

Altars:
Ashenzari
Cheibriados
Dithmenos
Elyvilon
Fedhas
Gozag
Hepliaklqana
Kikubaaqudgha
Makhleb
Nemelex Xobeh
Okawaru
Qazlal
Ru
Sif Muna
Trog
Uskayaw
Vehumet
Wu Jian
Xom
Yredelemnul
Zin
The Shining One
Beogh
Jiyva

Shops:
D:4 (   D:8 [   Orc:1 [   Orc:2 (??(!![(*   Elf:2 *   Elf:3 ::=??(   Shoals:1 *
Vaults:1 [?   Vaults:2 [   Depths:4 =[(*

Portals:
Hell: Depths:1 Depths:2 Depths:3 Depths:4
Abyss: Depths:1 Depths:3 Depths:4
Pandemonium: Depths:1 Depths:2
Ziggurat: Depths:1
Trove: D:13 (give 5 scrolls of fear)

Annotations:
Elf:2 5 runed translucent doors
Crypt:2 Khufu
Depths:1 1 runed translucent door
Zot:2 2 transporters


Innate Abilities, Weirdness & Mutations

You are a lightning-filled tempest!
Your electrical attacks strike out in all directions at once.
You are incredibly evasive.
Your insubstantial body is immune to petrification, constriction, and being set on fire You are flying.
Your armour is entirely melded.
You are incapable of wielding weapons or throwing items.
((Your serpentine skin is tough. (AC +9)))
You are immune to poison.
You have supernaturally acute eyesight. (SInv)
((Armour fits poorly on your strangely shaped body.))
((Your system is resistant to poisons. (rPois)))
((You cover ground very slowly.))
You can spit poison.
((You can use your snake-like lower body to constrict enemies.))
You have a somewhat thin skeletal structure. (Dex +2, Stealth+)
You possess an exceptional clarity of mind.
((Your flesh is cold resistant. (rC+)))
You are strong-willed. (Will+)
Your natural rate of healing is unusually fast.


Message History

There is an open door here.
You see here a +0 leather armour.
There is an open door here.
A tormentor comes into view.
The tormentor completely misses you. You block the tormentor's attack.
You blast the tormentor!!!!
You kill the tormentor!
The Council accepts your kill.
There is an open door here.
There is an open door here.
There is an open door here.
There is an open door here.
There is an open door here.
There is an open door here.
There is an open door here.
There is an open door here.
A rakshasa and an endoplasm come into view.
There is an open door here.
You lunge at the rakshasa, in a flurry of attacks.
You barely miss the rakshasa. You punch the rakshasa!!
The rakshasa is moderately wounded.
You batter the rakshasa!! Lightning courses through the rakshasa!
The rakshasa is almost dead.
The injured rakshasa weaves a defensive illusion!
You hit the rakshasa but do no damage. Lightning courses through the rakshasa!
You kill the rakshasa!
The rakshasa shimmers and vanishes!
You batter the rakshasa!!
You kill the rakshasa!
The Council accepts your kill.
The rakshasa shimmers and vanishes!
The endoplasm freezes you.
You are frozen.
You resist.
Things that are here:
a +0 whip; a +0 robe; 5 stones You blast the endoplasm!!!!
You kill the endoplasm!
The Council accepts your kill.
There is an open door here.
There is a staircase leading out of the dungeon here.
You have escaped!

♣P..##.##.##############.# #.)(.
P♣PP.[..#.#.....'......#.###♣.♣##
♣....#..#.#.##########.#.#..♣.♣
.#####..#.#.#...'....#.#.##.♣.♣
## #.##.#.#.######.#.#.##...# #
#.##.#.#.#>'..#.#.#.######
#.##'#'#'####.#.#.#.#
#.##.#.#).###'#'#'#'#
#.##.#.#..'v#.#.#.#.# #
#.##.#.######.#.#[#.# #
#..#.#....'...#.#.#.# #
##.#.##########.#.#.# #
#.#......'.....#.#.########
#.##############.#.#.......
#>.......'.......#.####.###
#..#####.#########.# #.#
#........'.........# #.#


There were no monsters in sight!

Vanquished Creatures
  2 dread liches
  Frederick (Depths:4)
  Tiamat (Zot:2)
  2 ancient liches
  Mara (Depths:1)
  7 orbs of fire (Zot:5)
  Mennas (Vaults:2)
  A juggernaut (Depths:3)
  Boris (Vaults:5)
  Xtahua (Crypt:1)
  Saint Roka (Vaults:1)
  Bai Suzhen (Elf:3)
  4 Killer Klowns (Zot:5)
  4 curse toes (Zot:3)
  3 caustic shrikes (Depths:4)
  Nikola (Spider:4)
  Norris (Depths:1)
  6 golden dragons
  Arachne (Spider:2)
  5 electric golems
  2 doom hounds (Crypt:1)
  2 Brimstone Fiends
  A hellephant (Depths:3)
  18 tentacled monstrosities
  The ghost of Couxach the Eclecticist, an adept DjFE of Makhleb (Elf:1)
  2 liches
  Asterion (Elf:3)
  Mlioglotl (Spider:3)
  Grunn (Crypt:1)
  26 Orb Guardians
  2 sphinxes
  2 deep elf blademasters (Elf:3)
  9 quicksilver dragons
  Polyphemus (Shoals:2)
  A kraken (Shoals:3)
  2 deep elf master archers (Elf:3)
  2 Executioners
  Frances (Spider:2)
  5 titans
  12 death cobs
  4 ancient champions (Crypt:1)
  21 storm dragons
  5 tengu reavers
  11 shadow dragons
  2 revenants (Crypt:1)
  Ilsuiw (Shoals:2)
  12 draconian monks
  Aizul (Spider:4)
  Donald (Spider:2)
  7 deep elf sorcerers
  6 protean progenitors
  15 draconian shifters
  8 draconian knights
  8 frost giants
  9 fire giants
  7 draconian scorchers
  9 ghost moths
  11 emperor scorpions
  2 ghouls (Crypt:1)
  3 iron dragons
  20 vault wardens
  3 imperial myrmidons (Desolation)
  A caustic shrike zombie (Crypt:1)
  2 deep elf elementalists (Elf:3)
  A curse skull (Crypt:1)
  2 orc warlords (Vaults:1)
  9 draconian annihilators
  2 spriggan defenders (Depths:2)
  11 draconian stormcallers
  4 broodmothers
  3 angels
  19 ironbound preservers
  A reaper (Crypt:2)
  3 formless jellyfish (Vaults:4)
  A demonspawn corrupter (D:6)
  29 very ugly things
  18 stone giants
  26 green draconians
  12 ironbound thunderhulks
  9 deep elf death magi
  7 deep elf demonologists
  A vampire knight (Depths:4)
  2 halazid warlocks (Desolation)
  24 black draconians
  Nessos (Lair:3)
  2 war gargoyles
  9 deep elf annihilators
  A minotaur (Gauntlet)
  20 white draconians
  15 purple draconians
  14 red draconians
  7 dire elephants
  2 bunyips (Zot:3)
  19 yellow draconians
  9 spark wasps
  5 merfolk javelineers
  2 green deaths (Depths:2)
  A blizzard demon (D:7)
  3 crystal guardians
  6 jiangshi
  6 entropy weavers
  6 fire dragons
  13 ettins
  16 yaktaur captains
  5 ragged hierophants (Desolation)
  12 merfolk impalers
  7 great orbs of eyes
  4 servants of whispers (Desolation)
  A spriggan zombie (Crypt:1)
  A quicksilver dragon skeleton (Crypt:1)
  6 rakshasas
  5 deep elf high priests
  7 hydras
  Fannar (D:11)
  A quicksilver dragon zombie (Depths:1)
  11 ice dragons
  2 fenstrider witch zombies (Crypt:1)
  3 jorogumos
  34 vault guards
  4 boulder beetles
  Harold (D:11)
  3 spriggan air magi
  16 centaur warriors
  13 ironbound frosthearts
  11 peacekeepers
  A satyr (Shoals:3)
  An anaconda (shapeshifter) (Vaults:5)
  3 catoblepae
  Erica (Lair:2)
  A satyr (shapeshifter) (Depths:3)
  A death knight (Crypt:1)
  10 two-headed ogres
  5 merfolk aquamancers
  3 merfolk avatars
  3 ogre magi
  2 radroaches
  12 dancing weapons
  An alligator snapping turtle (Shoals:3)
  An Orb Guardian skeleton (Crypt:1)
  6 deep troll earth magi
  A two-headed ogre (shapeshifter) (Depths:2)
  8 tengu warriors
  6 hell hogs (Depths:3)
  An occultist (Depths:3)
  2 vampire magi
  5 death yaks
  4 deep troll shamans
  6 demonic crawlers
  A sphinx skeleton (Depths:1)
  6 spriggan berserkers
  Nergalle (Lair:1)
  A shock serpent (shapeshifter) (Elf:2)
  A sun demon (Depths:2)
  16 hell knights
  2 orc high priests (Orc:2)
  3 soul eaters
  3 spriggans
  A storm dragon zombie (Crypt:1)
  Amaemon (Lair:2)
  6 iron trolls
  6 pharaoh ants
  11 skysharks
  10 deep elf knights
  59 deep trolls
  A goliath frog (Zot:2)
  A glowing orange brain (Depths:3)
  2 shadow demons
  5 arcanists
  3 bog bodies (Crypt:1)
  6 sea snakes
  15 skeletal warriors
  9 orb spiders
  4 steelbarb worms
  20 ironbound convokers
  7 lindwurms (Vaults:2)
  15 deep elf archers
  50 harpies
  19 deep elf zephyrmancers
  5 phantasmal warriors
  2 thermic dynamos (Elf:1)
  A swamp dragon (shapeshifter) (Vaults:5)
  A fenstrider witch simulacrum (Crypt:1)
  9 orc knights
  An alligator zombie (Crypt:1)
  10 necromancers
  A draconian zombie (Crypt:1)
  26 deep elf pyromancers
  21 wolf spiders
  15 fauns
  A steelbarb worm (shapeshifter) (Depths:4)
  37 ugly things
  6 orc sorcerers (Orc:2)
  2 tengu skeletons
  A salamander (D:15)
  A shining eye (shapeshifter) (Depths:4)
  34 moths of wrath
  7 cyclopes
  2 meliai (shapeshifter)
  6 elephants
  6 meliai (Spider:4)
  8 apocalypse crabs
  4 kobold blastminers (Orc:1)
  8 merfolk sirens
  21 manticores
  19 vault sentinels
  A guardian serpent (Desolation)
  A rust devil (Depths:2)
  5 black mambas
  3 torpor snails
  2 gargoyles
  13 water nymphs
  5 orange demons
  A torpor snail (shapeshifter) (Depths:1)
  4 cane toads
  A centaur skeleton (Crypt:1)
  A molten gargoyle (Desolation)
  A formless jellyfish zombie (Crypt:1)
  2 unseen horrors (D:11)
  An efreet (D:13)
  9 rime drakes
  34 yaktaurs
  A steelbarb worm zombie (Crypt:2)
  3 freezing wraiths
  4 kobold demonologists
  8 komodo dragons
  An alligator snapping turtle skeleton (Crypt:1)
  3 guardian mummies (Crypt:1)
  2 ice devils (Depths:2)
  A tormentor (D:1)
  5 human skeletons
  2 tengu conjurers
  A harpy zombie (Crypt:1)
  40 merfolk
  6 trolls
  4 polar bears
  A polar bear (shapeshifter) (D:13)
  A troll (shapeshifter) (D:14)
  33 tarantellas
  Prince Ribbit (D:6)
  11 wind drakes
  A hellwing (Depths:2)
  9 hornets
  48 saltlings (Desolation)
  An ettin zombie (Crypt:1)
  12 dream sheep
  8 snapping turtles
  2 glass eyes
  A human simulacrum (Vaults:3)
  15 blink frogs
  3 air elementals
  An ettin skeleton (Crypt:1)
  2 centaur simulacra (D:15)
  30 jumping spiders
  39 slime creatures
  A spriggan (shapeshifter) (D:9)
  38 culicivoras
  2 spriggan skeletons
  A vampire (D:11)
  30 water elementals
  9 wraiths
  6 basilisks
  A wind drake zombie (Crypt:1)
  4 fire elementals
  46 yaks
  58 redbacks
  5 wargs (Orc:1)
  3 wyverns
  3 steam dragons
  6 vampire mosquitoes
  A chaos spawn (Depths:2)
  2 acid dragons
  Duvessa (D:6)
  2 deep troll skeletons (Crypt:1)
  15 water moccasins
  3 ice beasts
  A lindwurm zombie (Crypt:1)
  A sky beast (D:6)
  20 orc warriors
  9 laughing skulls
  6 black bears
  An ettin simulacrum (Depths:1)
  15 boggarts
  7 ogres
  17 wolves
  21 centaurs
  A phantom (D:5)
  5 kobold brigands
  Blork the orc (D:6)
  13 bullfrogs
  7 scorpions
  A gnoll sergeant (D:6)
  2 earth elementals
  5 wights
  Dowan (D:6)
  A cyclops skeleton (Crypt:2)
  17 killer bees
  10 howler monkeys
  An electric eel (Spider:3)
  2 bombardier beetles
  A human zombie (Crypt:1)
  4 jellies
  3 hounds
  27 orc priests
  Ijyb (D:3)
  4 sleepcaps
  52 orc wizards
  3 mummies (Crypt:1)
  7 adders
  15 gnolls
  3 river rats (D:8)
  3 shadow imps
  A white imp (D:5)
  3 ribbon worms
  4 dart slugs
  A ribbon worm (shapeshifter) (D:14)
  91 orcs
  6 endoplasms
  2 giant cockroaches
  13 hobgoblins
  6 jackals
  5 quokkas
  A river rat zombie (Crypt:1)
  8 ball pythons
  6 bats
  3 frilled lizards
  19 goblins
  A hobgoblin skeleton (Crypt:1)
  34 kobolds
  3 rats
  7 aspiring fleshes
  A spectral weapon (Elf:3)
  3 tentacles (Shoals:3)
2546 creatures vanquished.

Vanquished Creatures (others)
  A draconian knight (Zot:5)
  A ghost moth (Spider:4)
  A vault guard (Vaults:5)
  A demonic crawler (Spider:4)
  A sun moth (Spider:4)
  A wolf spider (Spider:4)
  A moth of wrath (Spider:4)
  A yaktaur (Vaults:4)
  A jumping spider (Spider:4)
  A water elemental (Elf:3)
  A culicivora (Spider:4)
  2 redbacks (Spider:4)
  An orc warrior (Orc:2)
  A tentacle (Shoals:3)
15 creatures vanquished.

Grand Total: 2561 creatures vanquished

Notes
Turn   | Place    | Note
-------+----------+-------------------------------------------
     0 | D:1      | KennySheep the Naga Alchemist began the quest for the Orb.
     0 | D:1      | Reached XP level 1. HP: 15/15 MP: 3/3
   389 | D:1      | Reached XP level 2. HP: 22/22 MP: 1/5
   962 | D:1      | Reached XP level 3. HP: 23/28 MP: 0/6
  1675 | D:2      | Got the Meditations on Fey Intoxication
  1742 | D:2      | Found an ornate altar of the Wu Jian Council.
  1937 | D:2      | Found a faded altar of an unknown god.
  1956 | D:2      | Prayed at the altar of an unknown god.
  1956 | D:2      | Became a worshipper of Zin the Law-Giver
  1956 | D:2      | Reached * piety under Zin
  2039 | D:2      | Reached skill level 5 in Alchemy
  2219 | D:2      | Reached ** piety under Zin
  2407 | D:3      | Reached XP level 4. HP: 25/36 MP: 1/8
  2414 | D:3      | Learned a level 4 spell: Olgreb's Toxic Radiance
  2829 | D:3      | Noticed Ijyb
  2846 | D:3      | Killed Ijyb
  2847 | D:3      | Reached XP level 5. HP: 42/42 MP: 1/9
  3502 | D:4      | Reached *** piety under Zin
  3518 | D:4      | Found Kaudu's Weapon Boutique.
  3809 | D:5      | Entered Level 5 of the Dungeon
  3817 | D:5      | Noticed a black bear
  3823 | D:5      | Killed a black bear
  3824 | D:5      | Reached XP level 6. HP: 42/49 MP: 6/11
  3843 | D:5      | Learned a level 4 spell: Sticky Flame
  3930 | D:5      | Found a sacrificial altar of Ru.
  3966 | D:5      | Reached skill level 1 in Unarmed Combat
  4008 | D:5      | Reached skill level 1 in Fighting
  4008 | D:5      | Reached skill level 1 in Evocations
  4008 | D:5      | Reached XP level 7. HP: 53/57 MP: 5/13
  4118 | D:5      | Found an opulent altar of Gozag.
  4147 | D:5      | Found a burning altar of Makhleb.
  4265 | D:5      | Found a hazy altar of Hepliaklqana.
  4448 | D:5      | Found a stormy altar of Qazlal.
  4470 | D:5      | Identified the +2 dagger of Ytei {freeze, +Blink rPois
                  | SInv}
  4513 | D:5      | Found a shimmering blue altar of Sif Muna.
  4521 | D:5      | Found an ancient bone altar of Kikubaaqudgha.
  4647 | D:5      | Found a radiant altar of Vehumet.
  4873 | D:2      | Fell from the grace of Zin
  4873 | D:2      | Became a worshipper of the Wu Jian Council
  5331 | D:5      | Reached skill level 1 in Shapeshifting
  5380 | D:5      | Reached skill level 5 in Unarmed Combat
  5682 | D:6      | Reached XP level 8. HP: 67/67 MP: 4/14
  5773 | D:6      | Noticed Duvessa
  5779 | D:6      | Noticed Dowan
  5785 | D:6      | Killed Duvessa
  5786 | D:6      | Killed Dowan
  5952 | D:6      | Noticed Prince Ribbit
  5966 | D:6      | Killed Prince Ribbit
  6183 | D:6      | Noticed Blork the orc
  6191 | D:6      | Killed Blork the orc
  6397 | D:6      | Reached skill level 1 in Fire Magic
  6443 | D:6      | Reached XP level 9. HP: 73/75 MP: 7/15
  6572 | D:6      | Reached * piety under Wu Jian
  6681 | D:6      | Noticed a komodo dragon
  6692 | D:6      | Killed a komodo dragon
  7164 | D:7      | Reached skill level 5 in Shapeshifting
  7282 | D:7      | Found a hide-covered altar of Uskayaw.
  7361 | D:7      | Found a glowing golden altar of the Shining One.
  7363 | D:7      | Found a glowing silver altar of Zin.
  7364 | D:7      | Found a white marble altar of Elyvilon.
  7538 | D:7      | Found a sparkling altar of Nemelex Xobeh.
  7538 | D:7      | Found an ornate altar of the Wu Jian Council.
  7644 | D:6      | Found a broken altar of Ashenzari.
  7977 | D:7      | Found a basalt altar of Yredelemnul.
  8106 | D:7      | Reached XP level 10. HP: 84/84 MP: 16/16
  8112 | D:7      | Found a staircase to the Ecumenical Temple.
  8270 | D:8      | Found a staircase to the Lair.
  8319 | D:8      | Found Xoireil's Antique Armour Emporium.
  8321 | D:8      | Noticed a two-headed ogre
  8340 | D:8      | Killed a two-headed ogre
  8377 | D:8      | Bought a brightly glowing cloak for 332 gold pieces
  8377 | D:8      | Identified the +0 cloak of Voiluv {rPois} (You bought it in
                  | a shop on level 8 of the Dungeon)
  8387 | D:8      | Found a flagged portal.
  8394 | D:8      | Reached ** piety under Wu Jian
  8440 | Bailey   | Entered a bailey
  8652 | Bailey   | Noticed an orc knight
  8680 | Bailey   | Killed an orc knight
  8681 | Bailey   | Reached skill level 10 in Shapeshifting
  8810 | Bailey   | Reached XP level 11. HP: 89/89 MP: 17/17
  8811 | Bailey   | Reached skill level 15 in Shapeshifting
  8811 | Bailey   | Reached XP level 12. HP: 96/96 MP: 18/18
  8968 | D:8      | Found a blossoming altar of Fedhas.
  8969 | D:8      | Found an iron altar of Okawaru.
  8970 | D:8      | Found a bloodstained altar of Trog.
  8973 | D:8      | Found a shimmering altar of Xom.
  9079 | D:8      | Noticed a centaur warrior
  9087 | D:8      | Killed a centaur warrior
  9087 | D:8      | Reached *** piety under Wu Jian
  9448 | D:9      | Noticed a soul eater
  9676 | D:9      | Noticed a centaur warrior
  9694 | D:9      | Reached skill level 10 in Unarmed Combat
  9833 | D:9      | Reached **** piety under Wu Jian
  9836 | D:9      | Gained mutation: You can use your snake-like lower body to
                  | constrict enemies. [Naga growth]
  9836 | D:9      | Reached XP level 13. HP: 95/101 MP: 14/19
 10229 | D:9      | Identified the ring "Waumaiw" {rC+ Will+}
 10324 | D:10     | Entered Level 10 of the Dungeon
 10452 | D:10     | Found a roughly hewn altar of Beogh.
 10702 | D:10     | Found a shadowy altar of Dithmenos.
 10942 | D:10     | Found a snail-covered altar of Cheibriados.
 11114 | D:11     | Noticed Fannar
 11151 | D:11     | Killed Fannar
 11381 | D:11     | Noticed Harold
 11397 | D:11     | Killed Harold
 11868 | D:12     | Reached skill level 5 in Stealth
 11896 | D:12     | Reached ***** piety under Wu Jian
 12063 | D:12     | Reached skill level 5 in Fighting
 12166 | D:12     | Found a staircase to the Orcish Mines.
 12706 | D:12     | Identified the ring "Eplados" {^Contam rN+++ rCorr Int+6
                  | Stlth+}
 13092 | Lair:1   | Entered Level 1 of the Lair of Beasts
 13145 | Lair:1   | You fall into a shaft and drop 1 floor!
 13147 | Lair:2   | Found a hole to the Spider Nest.
 13179 | Lair:1   | Noticed Nergalle
 13184 | Lair:1   | Killed Nergalle
 13382 | Lair:1   | Reached XP level 14. HP: 118/118 MP: 20/20
 13702 | Lair:2   | Noticed Erica
 13708 | Lair:2   | Killed Erica
 13872 | Lair:2   | Found a staircase to the Shoals.
 13960 | Lair:2   | Noticed Maggie
 13966 | Lair:2   | Maggie changed into Maggie the wyvern
 13966 | Lair:2   | Noticed Maggie
 13967 | Lair:2   | Killed Maggie the wyvern
 14112 | Lair:2   | Noticed Amaemon
 14123 | Lair:2   | Killed Amaemon
 14696 | Lair:3   | Learned a level 6 spell: Eringya's Noxious Bog
 14794 | Lair:3   | Reached skill level 5 in Dodging
 15019 | Lair:3   | Noticed Nessos
 15039 | Lair:3   | Killed Nessos
 15466 | Lair:4   | Reached ****** piety under Wu Jian
 15592 | Lair:4   | Found a staircase to the Slime Pits.
 15593 | Lair:4   | Found a viscous altar of Jiyva.
 15665 | Lair:4   | Found a gate leading to a gauntlet.
 15675 | Gauntlet | Entered a Gauntlet
 15675 | Gauntlet | Found a transporter.
 15677 | Gauntlet | Found a runed translucent gate.
 15678 | Gauntlet | Found a transporter.
 15692 | Gauntlet | Found a runed translucent gate.
 15693 | Gauntlet | Found a runed translucent gate.
 15694 | Gauntlet | Found a transporter.
 15698 | Gauntlet | Found a transporter.
 15718 | Gauntlet | Found a transporter.
 15731 | Gauntlet | Found a transporter.
 15736 | Gauntlet | Found a transporter.
 15740 | Gauntlet | Found a transporter.
 15778 | Gauntlet | Found a transporter.
 15778 | Gauntlet | Found a transporter.
 15786 | Gauntlet | Found a transporter.
 15806 | Gauntlet | Found a runed translucent door.
 15831 | Gauntlet | Found a transporter.
 16029 | Gauntlet | Identified the +2 ring mail of Hedging {rPois rCorr}
 16058 | Gauntlet | Identified the +3 hand cannon "Grim" {penet, rF+ Str+4
                  | Int-4 Stlth+}
 16069 | Gauntlet | Got the Octavo of Generated Cold
 16843 | Lair:5   | Entered Level 5 of the Lair of Beasts
 16850 | Lair:5   | Reached XP level 15. HP: 129/129 MP: 5/21
 17084 | Lair:5   | Reached skill level 10 in Stealth
 17999 | Orc:1    | Entered Level 1 of the Orcish Mines
 18251 | Orc:1    | Found Irouty's Armour Emporium.
 18364 | Orc:2    | Entered Level 2 of the Orcish Mines
 18364 | Orc:2    | Found Duphezosk's Weapon Shop.
 18449 | Orc:2    | Found Voleuf's Assorted Antiques.
 18453 | Orc:2    | Found a staircase to the Elven Halls.
 18463 | Orc:2    | Found Deop's Antique Armour Shop.
 18591 | Orc:2    | Found Moshro's Distillery.
 18608 | Orc:2    | Bought a potion of curing for 42 gold pieces
 18608 | Orc:2    | Bought a potion of attraction for 42 gold pieces
 18608 | Orc:2    | Bought a potion of haste for 140 gold pieces
 18608 | Orc:2    | Bought a potion of heal wounds for 70 gold pieces
 18636 | Orc:2    | Found Nottofas's Antique Weapon Shop.
 18636 | Orc:2    | Found Ineluul's Magic Scroll Boutique.
 18666 | Orc:2    | Found Ymeacep's Weapon Boutique.
 18698 | Orc:2    | Found Fauzxy Muonn's Magic Scroll Shop.
 18710 | Orc:2    | Bought a scroll of brand weapon for 114 gold pieces
 18712 | Orc:2    | Bought a scroll of enchant armour for 105 gold pieces
 18712 | Orc:2    | Bought a scroll of fog for 56 gold pieces
 18712 | Orc:2    | Bought a scroll of fog for 56 gold pieces
 18712 | Orc:2    | Bought a scroll of fear for 56 gold pieces
 18712 | Orc:2    | Bought a scroll of revelation for 105 gold pieces
 18714 | Orc:2    | Bought a scroll of fear for 48 gold pieces
 18714 | Orc:2    | Bought a scroll of teleportation for 36 gold pieces
 18714 | Orc:2    | Bought a scroll of revelation for 90 gold pieces
 18714 | Orc:2    | Bought a scroll of revelation for 90 gold pieces
 18758 | Orc:2    | Found Juiveafu's Distillery.
 18761 | Orc:2    | Bought 2 potions of curing for 90 gold pieces
 18761 | Orc:2    | Bought a potion of haste for 150 gold pieces
 18761 | Orc:2    | Bought a potion of heal wounds for 75 gold pieces
 18761 | Orc:2    | Bought a potion of curing for 45 gold pieces
 19237 | D:13     | Reached skill level 10 in Alchemy
 19244 | D:13     | Reached skill level 15 in Unarmed Combat
 19614 | D:13     | Reached XP level 16. HP: 141/141 MP: 22/22
 19706 | D:13     | Found a portal to a secret trove of treasure.
 20523 | D:14     | Found a gate to the Vaults.
 20874 | D:15     | Entered Level 15 of the Dungeon
 21000 | D:15     | Found a white marble altar of Elyvilon.
 21397 | D:15     | Found a staircase to the Depths.
 21508 | D:15     | Learned a level 5 spell: Alistair's Intoxication
 21930 | Spider:1 | Entered Level 1 of the Spider Nest
 23006 | Spider:2 | Reached XP level 17. HP: 152/152 MP: 23/23
 23108 | Spider:2 | Identified the +6 kite shield of Grace {rElec Dex+4}
 23108 | Spider:2 | Noticed Donald
 23141 | Spider:2 | Noticed Arachne
 23235 | Spider:2 | Noticed Frances
 23240 | Spider:2 | Killed Frances
 23241 | Spider:2 | Reached skill level 10 in Fighting
 23241 | Spider:2 | Reached skill level 10 in Dodging
 23351 | Spider:2 | Killed Donald
 23616 | Spider:2 | Killed Arachne
 23885 | Spider:3 | Noticed Mlioglotl
 23892 | Spider:3 | Killed Mlioglotl
 24436 | Spider:4 | Entered Level 4 of the Spider Nest
 24451 | Spider:4 | Identified the +0 robe "Ahaos" {rN+}
 24532 | Spider:4 | Identified the serpent talisman "Osinor" {rC+ Will+ Int+3}
 24532 | Spider:4 | Noticed Aizul
 24543 | Spider:4 | Killed Aizul
 24742 | Shoals:1 | Entered Level 1 of the Shoals
 25225 | Shoals:1 | Reached XP level 18. HP: 165/165 MP: 24/24
 25291 | Shoals:1 | Found Imev's Assorted Antiques.
 25300 | Shoals:1 | Bought an embroidered scarf for 232 gold pieces
 25427 | Shoals:2 | Noticed Ilsuiw
 25483 | Shoals:2 | Noticed Polyphemus
 25489 | Shoals:2 | Killed Polyphemus
 25552 | Shoals:2 | Killed Ilsuiw
 25847 | Shoals:2 | Found a hazy altar of Hepliaklqana.
 26777 | Shoals:3 | Identified the +9 orcbow of Fedhas, Mauling {drain, +Blink
                  | Int+3}
 27094 | Shoals:4 | Entered Level 4 of the Shoals
 27410 | Spider:4 | Noticed Nikola
 27655 | Spider:4 | Killed Nikola
 27970 | Spider:4 | Reached XP level 19. HP: 171/171 MP: 25/25
 28256 | Spider:4 | Got a gossamer rune of Zot
 29278 | Shoals:4 | Got a barnacled rune of Zot
 29284 | Shoals:4 | Got Sif Muna's Catalogue of the Salvo and Points
 30052 | Vaults:1 | Entered Level 1 of the Vaults
 30186 | Vaults:1 | Found Wizesauvo's Armour Shoppe.
 30326 | Vaults:1 | Found a crumbling gateway.
 30353 | Vaults:1 | Found a white marble altar of Elyvilon.
 30353 | Vaults:1 | Found a glowing golden altar of the Shining One.
 30353 | Vaults:1 | Found a glowing silver altar of Zin.
 30360 | Desolati | Entered the Desolation of Salt
 30372 | Desolati | Reached XP level 20. HP: 180/180 MP: 26/26
 30532 | Desolati | Identified the +8 war axe of World Downfall {holy, rPois
                  | Int+3}
 30557 | Desolati | Identified the scarf of a treasure trove {repulsion, rPois
                  | rF+ Will- Str+5}
 30559 | Desolati | Identified the +7 battleaxe of Egeimel {chaos, *Noise
                  | *Corrode rElec Dex+8}
 30586 | Desolati | Identified the staff "Kikuj" {^Contam +Blink rN+ Will+++
                  | Stlth+ Necro}
 30589 | Desolati | Got Sif Muna's Verses on the Gusty Gathering
 30642 | Desolati | Got the Meditations on Smoking Tinctures
 30647 | Desolati | Identified the ring "Sihui" {rF++ rC+ rN+ rCorr MP-9}
 30657 | Desolati | Got the Essays on Dismal Soot
 30851 | Desolati | Identified the +0 pair of boots "Qejud" {Stlth+}
 30857 | Desolati | Identified the +0 whip "Ushrutsoikh" {drain, rElec rPois
                  | rN++ Dex-4}
 30865 | Desolati | Identified the +0 leather armour of Dotuz {-Cast +Inv rCorr
                  | Str+2}
 30867 | Desolati | Identified the +4 dagger "Bich" {freeze, ^Drain Str+4
                  | Stlth+}
 30868 | Desolati | Identified the +2 ring mail of Autumn {Will+}
 30872 | Desolati | Identified the +1 pair of boots "Ciuneyss" {Will++ Str-2}
 30879 | Desolati | Identified the +5 dagger "Besuleath" {drain, Str+5 Int+5
                  | Stlth-}
 31423 | Vaults:1 | Identified the +0 chain mail of Too Many Cooks {rElec Str+5
                  | Int+2 Stlth+}
 31587 | Vaults:1 | Found Zuxoriny's Magic Scroll Shoppe.
 31595 | Vaults:1 | Bought a scroll of fear for 80 gold pieces
 31595 | Vaults:1 | Bought a scroll of teleportation for 60 gold pieces
 31595 | Vaults:1 | Bought a scroll of revelation for 150 gold pieces
 31919 | Vaults:1 | Noticed Saint Roka
 32041 | Vaults:1 | Killed Saint Roka
 32188 | Vaults:2 | Noticed Mennas
 32194 | Vaults:2 | Killed Mennas
 32403 | Vaults:2 | Identified the +6 mace "Zyohai" {antimagic, rPois Will+}
 32510 | Vaults:2 | Reached XP level 21. HP: 176/187 MP: 18/27
 32787 | Vaults:2 | Paralysed by an ogre mage for 2 turns
 32840 | Vaults:2 | Found Haxzumav's Armour Emporium.
 33802 | Vaults:3 | Found a staircase to the Crypt.
 34811 | Vaults:4 | Reached XP level 22. HP: 128/194 MP: 7/28
 36072 | Depths:1 | Entered Level 1 of the Depths
 36136 | Depths:1 | Noticed Mara
 36252 | Depths:1 | Noticed KennySheep's illusion
 36406 | Depths:1 | Killed Mara
 36643 | Depths:1 | Found a one-way gateway to a ziggurat.
 36643 | Depths:1 | Noticed Norris
 36673 | Depths:1 | Killed Norris
 36814 | Depths:1 | Found a gateway to Hell.
 36962 | Depths:1 | Found a runed translucent door.
 37211 | Depths:1 | Found a one-way gate to the infinite horrors of the Abyss.
 37557 | Depths:2 | Reached XP level 23. HP: 115/210 MP: 12/29
 37690 | Depths:2 | Found a bloodstained altar of Trog.
 37930 | Depths:2 | Identified the +6 great mace of Okawaru, Protecting
                  | {freeze, ^Fragile rPois MP+9}
 38278 | Depths:2 | Identified the ring "Ekakh" {rC+ rN+ Will++ Int+3 Stlth-}
 38845 | Depths:3 | Noticed a juggernaut
 38850 | Depths:3 | Killed a juggernaut
 38883 | Depths:3 | Identified the ring of Veilaxoa {Wiz Will+ Dex+3}
 39737 | Depths:4 | Entered Level 4 of the Depths
 39737 | Depths:4 | Found Sasall's Armour Shoppe.
 39802 | Depths:4 | Identified the orb of Shadows and Fog {*channel, ^Drain
                  | Int+9 Dex+2}
 39802 | Depths:4 | Noticed Frederick
 39816 | Depths:4 | Killed Frederick
 39908 | Depths:4 | Found Koitsa Ympu's Antique Weapon Shoppe.
 39929 | Depths:4 | Identified the +0 leather armour "Seerphoumm" {rPois rN+}
 39994 | Depths:4 | Found a stormy altar of Qazlal.
 40133 | Depths:4 | Reached XP level 24. HP: 220/220 MP: 20/29
 40293 | Depths:4 | Found a gate to the Realm of Zot.
 40311 | Depths:4 | Found Laeru's Assorted Antiques.
 40312 | Depths:4 | Noticed a caustic shrike
 40312 | Depths:4 | Noticed a caustic shrike
 40312 | Depths:4 | Noticed a caustic shrike
 40320 | Depths:4 | Killed a caustic shrike
 40321 | Depths:4 | Killed a caustic shrike
 40325 | Depths:4 | Killed a caustic shrike
 40360 | Depths:4 | Bought a scroll labelled TAOMUK IBLO for 17 gold pieces
 40360 | Depths:4 | Bought a scroll of blinking for 127 gold pieces
 40360 | Depths:4 | Bought a potion of enlightenment for 85 gold pieces
 40360 | Depths:4 | Bought a potion of resistance for 170 gold pieces
 40379 | Depths:4 | Found an ornate altar of the Wu Jian Council.
 40422 | Depths:4 | Found Sinunwao's Jewellery Emporium.
 40829 | Elf:1    | Entered Level 1 of the Elven Halls
 40897 | Elf:1    | Got Dispater's Volume of Attendants
 40943 | Elf:1    | Identified the +3 ring mail of Ukust {rElec rC+ Str+3
                  | Int-3}
 41021 | Elf:1    | Found a runed translucent door.
 41021 | Elf:1    | Noticed Couxach's ghost (adept DjFE)
 41744 | Elf:1    | Killed Couxach's ghost
 41807 | Elf:2    | Found Urasaq's Assorted Antiques.
 42216 | Elf:2    | Found a huge runed translucent gate.
 42216 | Elf:2    | Found a huge runed translucent gate.
 42217 | Elf:2    | Found a huge runed translucent gate.
 42218 | Elf:2    | Found a huge runed translucent gate.
 42224 | Elf:2    | Found a huge runed translucent gate.
 42434 | Elf:3    | Entered Level 3 of the Elven Halls
 42483 | Elf:3    | Found Cufeijoa's Jewellery Shoppe.
 42483 | Elf:3    | Found Tareaps's Book Boutique.
 42488 | Elf:3    | Found Ocseholuro's Book Boutique.
 42500 | Elf:3    | Bought the brooch of Shielding {Spirit SH+8} for 975 gold
                  | pieces
 42500 | Elf:3    | Found the brooch of Shielding {Spirit SH+8}
 42689 | Elf:3    | Noticed Bai Suzhen
 42700 | Elf:3    | Killed Bai Suzhen
 42769 | Elf:3    | Found Eforogel's Magic Scroll Shop.
 42776 | Elf:3    | Bought a scroll of teleportation for 48 gold pieces
 42776 | Elf:3    | Bought a scroll of summoning for 152 gold pieces
 42776 | Elf:3    | Bought a scroll of fear for 64 gold pieces
 42776 | Elf:3    | Bought a scroll of amnesia for 64 gold pieces
 42907 | Elf:3    | Paralysed by an air elemental for 1 turns
 42923 | Elf:3    | Found Dilush's Antique Weapon Emporium.
 43016 | Elf:3    | Noticed Asterion
 43025 | Elf:3    | Killed Asterion
 43095 | Elf:3    | Found Wymm's Magic Scroll Emporium.
 43100 | Elf:3    | Bought a scroll of teleportation for 36 gold pieces
 43100 | Elf:3    | Bought 3 scrolls of teleportation for 108 gold pieces
 43100 | Elf:3    | Bought a scroll of teleportation for 36 gold pieces
 43100 | Elf:3    | Bought a scroll of revelation for 90 gold pieces
 44117 | Elf:3    | Identified the +4 long sword "Dyr Bariet" {flame, rF++}
 44117 | Elf:3    | Identified the ring "Qucodd" {rF+ Will- rCorr Int+6 Dex+2}
 44771 | Elf:3    | Reached skill level 15 in Dodging
 44871 | Elf:3    | Got the Almanac of Bones
 45271 | Crypt:1  | Entered Level 1 of the Crypt
 45396 | Crypt:1  | Reached XP level 25. HP: 231/231 MP: 20/29
 45416 | Crypt:1  | Noticed Xtahua
 45430 | Crypt:1  | Killed Xtahua
 45454 | Crypt:1  | Noticed Grunn
 45465 | Crypt:1  | Killed Grunn
 45466 | Crypt:1  | Reached skill level 15 in Fighting
 46235 | Crypt:2  | Noticed a royal mummy
 46247 | Crypt:2  | Noticed Khufu
 46247 | Crypt:2  | Noticed a royal mummy
 46487 | Crypt:1  | Found an ancient bone altar of Kikubaaqudgha.
 46665 | Vaults:5 | Entered Level 5 of the Vaults
 46943 | Vaults:5 | Got a silver rune of Zot
 47119 | Vaults:5 | Noticed an ancient lich
 47128 | Vaults:5 | Killed an ancient lich
 47996 | Vaults:5 | Identified the +4 robe of Mimnuc {rElec Int+2}
 47996 | Vaults:5 | Identified the ring of Oritwus {rElec Will- rCorr EV+5
                  | Dex+3}
 47996 | Vaults:5 | Noticed Boris
 48005 | Vaults:5 | Killed Boris
 48006 | Vaults:5 | Reached XP level 26. HP: 215/244 MP: 17/29
 48288 | Vaults:5 | Identified the +2 chain mail of Ru's Whim {rF- Dex+5}
 48324 | Vaults:5 | Got the Papyrus of Blasting
 48355 | Vaults:5 | Identified the ring of Guisubor {Will+ Int+6}
 48703 | Zot:1    | Entered Level 1 of the Realm of Zot
 49067 | Zot:1    | Identified the +7 morningstar "Giantbane" {flame, ^Fragile
                  | rN++ Dex+4}
 49570 | Zot:2    | Reached skill level 27 in Shapeshifting
 49751 | Zot:2    | Upgraded the game from 0.32-a0-876-gcfddb08e57 to
                  | 0.32-a0-886-g41c5271027
 50042 | Zot:2    | Found a transporter.
 50042 | Zot:2    | Noticed a Killer Klown
 50082 | Zot:2    | Reached skill level 27 in Unarmed Combat
 50087 | Zot:2    | Found the +4 dragonskin cloak {Aegis}
 50087 | Zot:2    | Noticed Tiamat
 50111 | Zot:2    | Reached XP level 27. HP: 175/260 MP: 10/29
 50633 | Zot:2    | Killed Tiamat
 50827 | Zot:2    | Noticed an orb of fire
 50851 | Zot:2    | Found a transporter.
 51534 | Zot:3    | Identified the +5 mace of the Rescuing Hero {pain, Dex+3}
 52432 | Zot:4    | Noticed a dread lich
 52447 | Zot:4    | Killed a dread lich
 52970 | Zot:4    | Identified a scroll of acquirement
 52997 | Zot:4    | Acquired a manual of Throwing
 53762 | Zot:5    | Entered Level 5 of the Realm of Zot
 54022 | Zot:5    | Got the Atlas of the Undead
 54287 | Zot:5    | Noticed an ancient lich
 54292 | Zot:5    | Noticed an orb of fire
 54292 | Zot:5    | Noticed an orb of fire
 54293 | Zot:5    | Noticed an orb of fire
 54294 | Zot:5    | Killed an ancient lich
 54304 | Zot:5    | Killed an orb of fire
 54315 | Zot:5    | Gained mutation: Your body sometimes deteriorates upon
                  | taking damage. [an orb of fire]
 54317 | Zot:5    | Killed an orb of fire
 54321 | Zot:5    | Gained mutation: You sometimes lose your temper in combat.
                  | [an orb of fire]
 54322 | Zot:5    | Killed an orb of fire
 54434 | Zot:5    | Noticed an orb of fire
 54436 | Zot:5    | Noticed an orb of fire
 54438 | Zot:5    | Noticed an orb of fire
 54440 | Zot:5    | Noticed an orb of fire
 54457 | Zot:5    | Killed an orb of fire
 54468 | Zot:5    | Killed an orb of fire
 54479 | Zot:5    | Killed an orb of fire
 54495 | Zot:5    | Gained mutation: You have a somewhat thin skeletal
                  | structure. (Dex +2, Stealth+) [an orb of fire]
 54497 | Zot:5    | Gained mutation: You are dopey. (Int -2) [an orb of fire]
 54498 | Zot:5    | Killed an orb of fire
 54498 | Zot:5    | Noticed a dread lich
 54510 | Zot:5    | Killed a dread lich
 54730 | Zot:5    | Lost mutation: You sometimes lose your temper in combat.
                  | [potion of mutation]
 54730 | Zot:5    | Lost mutation: Your body sometimes deteriorates upon taking
                  | damage. [potion of mutation]
 54730 | Zot:5    | Lost mutation: You are dopey. (Int -2) [potion of mutation]
 54730 | Zot:5    | Gained mutation: Your flesh is cold resistant. (rC+)
                  | [potion of mutation]
 54730 | Zot:5    | Gained mutation: You possess an exceptional clarity of
                  | mind. [potion of mutation]
 54730 | Zot:5    | Gained mutation: You are strong-willed. (Will+) [potion of
                  | mutation]
 54730 | Zot:5    | Gained mutation: Your natural rate of healing is unusually
                  | fast. [potion of mutation]
 54749 | Zot:5    | Got the Orb of Zot
 54793 | Zot:5    | Noticed an ancient lich
 54795 | Zot:5    | Noticed an ancient lich
 55138 | D:12     | Noticed Mugio the pandemonium lord
 55561 | D:$      | Escaped with the Orb!

Illustrated notes

Levels and vault maps discovered:
D:1:      minmay_arrival_widening_spiral_narrow, layout_loops_ring,
          serial_forest, infiniplex_forest_lined_corner,
          infiniplex_forest_clump_C, infiniplex_forest_zigzag_1,
          infiniplex_forest_lined_room_2, infiniplex_forest_clump_curved,
          infiniplex_forest_lined_3, infiniplex_forest_straight_1,
          kennysheep_minor_cross, minmay_misc_feat_rows
D:2:      layout_loops_ring, basic_altar,
          shapermc_ecumenical_altar_mp_urbaneastern
D:3:      cheibrodos_greedy_goblins, layout_loops_ring,
          chequers_serial_rivers_large_a, minmay_circle_x, uniq_ijyb
D:4:      layout_loops_cross, serial_shops, shop, minmay_manual_monolith
D:5:      layout_basic, palyth_temple_overflow_mages, kennysheep_mini_moat,
          marbit_many_paths, makhleb_grotto_becter,
          lemuel_coloured_pillars_altar, nicolae_ru_sacrificial_ziggurat
D:6:      layout_gridville, ashenzari_altar_1, kennysheep_crisscross,
          uniq_blork_the_orc, uniq_duvessa, uniq_prince_ribbit1
D:7:      layout_gridville, good_gods_temple_1, old_standard_altar,
          nicolae_overflow_hidden_temple, lemuel_round_altar,
          minmay_temple_entry_from_below_a
D:8:      minmay_cornered_nines, layout_rooms, minitemple, dpeg_lair_monsters,
          enter_bailey_5, serial_shops, shop, hangedman_glass_teeth,
          minmay_misc_feat_square
D:9:      layout_roguey, minmay_mirror_moons_of_madness
D:10:     dreamdust_cave_troll, layout_irregular_city, old_standard_altar,
          cheibrodos_worm_habitat, david_defended_altar_orc
D:11:     layout_basic, uniq_harold, uniq_fannar
D:12:     layout_gridville, hiddenorc1_lemuel, einodemon_barbed_minivault
D:13:     minmay_clustersquares, layout_long_grid, nicolae_trove_entry_columns,
          minivault_11
D:14:     layout_basic, lightli_vaults_fourway_checkpoint,
          minmay_misc_feat_diagonals
D:15:     hangedman_depths_entry_try_elsewhere_first, layout_long_grid,
          elyvilon_altar_3
Lair:1:   layout_misc_corridors, uniq_nergalle
Lair:2:   layout_loops_ring, minmay_shoals_entry_centaurs, dummy_spider_entry,
          kilobyte_rumbling_trees, uniq_maggie, uniq_erica, uniq_amaemon
Lair:3:   layout_roguey, amcnicky_mini_pool_medium, uniq_nessos
Lair:4:   layout_cave_pods, slime_entry_1, gauntlet_entry_generic,
          dreamdust_wasp_nest, grunt_megastairs_1
Lair:5:   gammafunk_lair_ancient_temple, layout_regular_city
Shoals:1: layout_shoals, serial_shops, nicolae_shop_trees
Shoals:2: layout_shoals, lemuel_centaur_altar, uniq_polyphemus, uniq_ilsuiw
Shoals:3: layout_shoals, nicolae_shoals_kraken_intersection,
          nicolae_shoals_former_cling_halls
Shoals:4: shoals_end_hellmonk_storm_palace [storm_palace_center_square,
          storm_palace_corner_narrow, storm_palace_corner_blocked,
          storm_palace_corner_reverse_hut, storm_palace_corner_narrow]
Spider:1: layout_spider_delve, hangedman_spider_tarantella_strand
Spider:2: layout_spider_delve, uniq_frances, uniq_arachne, uniq_donald
Spider:3: layout_spider_delve, hangedman_spider_mandibles, uniq_mlioglotl
Spider:4: grunt_spider_rune_circles, nicolae_spider_wall_of_niches, uniq_aizul,
          uniq_nikola
Orc:1:    layout_caves, serial_shops, shop
Orc:2:    st_orc_mages, layout_caves, serial_shops, nicolae_shop_behind_doors,
          nicolae_shop_temple_entry_statues_fountains, nicolae_shop_peninsula,
          shop, shop
Elf:1:    layout_gridlike, gammafunk_ghost_grave, minmay_elf_demonology,
          minivault_23, grunt_megastairs_3
Elf:2:    elven_hall_of_blades_hangedman_alternative
          [nicolae_blade_entry_crossed_weapons], layout_loops_corners,
          minmay_shop_grid_forest, solitary_fountain, uniq_agnes
Elf:3:    grunt_elf_hall_asides, layout_geoelf_octagon, serial_shops,
          nicolae_shop_real_fake_doors, nicolae_shop_back_alley_shop, shop,
          fountainhead, minmay_shop_grove, uniq_bai_suzhen, uniq_asterion
Vaults:1: portal_desolation_entry_holy_temple, vaults_room_grunt_arrival_ludios,
          nicolae_vaults_security_offices_3, v_rooms_3, vaults_dpeg_cross,
          v_misc_12, nicolae_vaults_taking_the_gang_shopping,
          vaults_room_hallway, nicolae_vaults_surprise_closet, v_alt_pattern_5,
          layout_vaults_omnibox, serial_shops, shop, uniq_saint_roka
Vaults:2: st_octagons_2, vaults_room_stairs_pillars, ontoclasm_vaults_ligature,
          vaults_room_corners, v_pattern_4, nicolae_vaults_little_ls,
          vaults_room_pools, nicolae_vaults_weapon_check,
          hangedman_vaults_stream, v_misc_1, vaults_room_corners,
          ontoclasm_vaults_tryst, nicolae_vaults_tetromino_T_2,
          ontoclasm_vaults_twist, layout_vaults_maze_bifur, serial_shops,
          nicolae_shop_crystal, uniq_mennas
Vaults:3: ontoclasm_vaults_ring_large, serial_ice_m,
          nicolae_vaults_mini_display_case, hangedman_vaults_cutoff,
          grunt_vaults_hallway_long, nicolae_vaults_oval_intersection,
          nicolae_vaults_little_squares_4, nicolae_vaults_specimen_jars,
          v_misc_19, minmay_crypt_entry_simple_box, layout_vaults_omnigrid
Vaults:4: nicolae_vaults_door_testing_chamber, v_rooms_6, vaults_room_pools,
          vaults_room_ringed_pool, ontoclasm_vaults_fault,
          hangedman_vaults_nodes, nicolae_vaults_storage_closets_2,
          grunt_vaults_hallway_long, ontoclasm_vaults_loading_screen,
          layout_vaults_big_room
Vaults:5: uniq_boris
Crypt:1:  layout_misc_corridors, minmay_misc_feat_ornament,
          grunt_crypt_arrival_guarded_gate, grunt_megastairs_4,
          lemuel_upstairs_altar, uniq_grunn, uniq_xtahua
Crypt:2:  layout_gridlike, basic_altar, grunt_megastairs_5, uniq_khufu
Depths:1: layout_basic, enter_ziggurat_f, abyss_entry, hangedman_coc_ice_floe,
          pan_entry, minmay_hidden_floor, uniq_norris, uniq_mara
Depths:2: kennysheep_demon_jail, layout_basic, pf_hell_entry_tar_spiral,
          bloody_trog, pan_entry, infiniplex_staircase_spiral_double,
          grunt_megastairs_2
Depths:3: hangedman_arrow_trap, layout_long_grid, skrybe_limestone_x,
          grunt_hell_horde, hangedman_abyss_entry_splay, firewood_loft,
          minmay_staircase_windowed_large
Depths:4: evilmike_zot_entry_diamond, layout_honeycomb, serial_shops, shop,
          shop_statue, shop_fountains, nicolae_shop_just_a_little_nook,
          regret_index_abyss_entry_already_here, nzn_wu_jian_council_hall,
          pf_hell_entry_great_geh, grunt_qazlal_clouds, uniq_frederick
Zot:1:    layout_basic
Zot:2:    gammafunk_the_bubble [the_bubble_gammafunk_plus_minus],
          layout_misc_corridors, uniq_tiamat
Zot:3:    gammafunk_mikee_crab_dinner, layout_misc_corridors, st_stairs_7
Zot:4:    hangedman_zot_vaults_quadrants, layout_concentric_octagons
Zot:5:    layout_misc_corridors

Skill      XL: |  1  2  3  4  5  6  7  8  9 10 11 12 13 14 15 16 17 18 19 20 21 22 23 24 25 26 27 |
---------------+----------------------------------------------------------------------------------+-----
Alchemy        | 4 5 7 8 10 13 | 13.0
Spellcasting   | 3 4 |  4.3
Unarmed Combat | 2 5 7 9 10 12 14 15 16 17 18 19 21 22 23 24 25 27 | 27.0
Fighting       | 1 2 3 5 7 8 9 11 13 14 15 17 22 | 22.5
Evocations     | 1 |  1.9
Shapeshifting  | 1 4 7 13 15 16 17 18 20 22 23 24 25 26 27 | 27.0
Fire Magic     | 2 4 |  4.0
Dodging        | 2 4 5 7 9 11 12 13 14 15 19 | 19.1
Stealth        | 6 9 11 13 14 | 14.0
Conjurations   | |  1.0

Action                     |  1- 3 |  4- 6 |  7- 9 | 10-12 | 13-15 | 16-18 | 19-21 | 22-24 | 25-27 || total
---------------------------+-------+-------+-------+-------+-------+-------+-------+-------+-------++-------
  Melee: Unarmed           |     7 |       |   135 |   208 |   772 |   799 |  1071 |  1107 |  1394 ||  5493
         Short sword       |    12 |       |       |       |       |       |       |       |       ||    12
         Rapier            |     4 |    96 |    51 |       |       |       |       |       |       ||   151
         Punch             |       |       |     8 |    13 |    73 |    85 |   163 |   159 |   296 ||   797
         Constrict         |       |       |       |       |   186 |   186 |    95 |       |       ||   467
   Cast: Sting             |    74 |    23 |    13 |     1 |       |       |       |       |       ||   111
         Olgreb's Toxic Ra |       |     9 |    31 |    17 |    33 |    19 |     2 |     1 |       ||   112
         Sticky Flame      |       |       |     9 |       |     1 |       |       |       |       ||    10
         Eringya's Noxious |       |       |       |       |     3 |    21 |    10 |     5 |     2 ||    41
         Alistair's Intoxi |       |       |       |       |       |     1 |       |     3 |     2 ||     6
 Invoke: Serpent's Lash    |       |       |       |     1 |       |     1 |     1 |       |       ||     3
         Heavenly Storm    |       |       |       |       |       |       |       |     2 |     3 ||     5
Ability: Lunge             |       |       |    10 |    28 |    68 |    93 |   106 |   125 |   130 ||   560
         Whirlwind         |       |       |       |     6 |    21 |    20 |    44 |    24 |    39 ||   154
         Wall Jump         |       |       |       |       |     1 |     2 |       |       |       ||     3
         Blinkbolt         |       |       |       |       |       |       |     1 |       |     8 ||     9
         Begin Untransform |       |       |       |       |       |       |     1 |       |       ||     1
  Evoke: Wand              |       |       |       |       |     1 |     3 |       |       |       ||     4
    Use: Scroll            |       |     5 |     1 |     6 |    10 |     7 |     6 |     4 |     6 ||    45
         Potion            |       |     2 |     2 |    12 |     2 |    11 |     3 |     1 |     5 ||    38
   Stab: Sleeping          |     2 |     6 |     5 |    10 |    29 |    41 |    54 |    36 |     8 ||   191
         Distracted        |       |       |       |       |     2 |     3 |     3 |     7 |    11 ||    26
         Invisible         |       |       |       |       |     4 |       |       |       |       ||     4
         Confused          |       |       |       |       |       |     1 |       |     2 |     4 ||     7
 Armour: Robe              |    31 |    82 |   157 |   206 |    69 |       |       |       |       ||   545
         Skin              |       |       |       |       |   980 |  1301 |   964 |   269 |   307 ||  3821
  Dodge: Dodged            |    26 |    44 |    79 |   107 |   583 |   793 |  1106 |   701 |   992 ||  4431
         Repelled          |       |       |       |       |       |    36 |    22 |       |       ||    58
  Block: Other             |       |       |       |       |       |       |       |    18 |   203 ||   221
   Form: Blade             |       |       |       |     1 |       |       |       |       |       ||     1
         Statue            |       |       |       |       |     1 |     2 |       |       |       ||     3
         Serpent           |       |       |       |       |       |     1 |       |       |       ||     1
         Storm             |       |       |       |       |       |     1 |     2 |       |     1 ||     4
         Death             |       |       |       |       |       |       |       |       |     1 ||     1

Table legend: (Time is in decaauts)
 A = Elapsed time spent in this place.
 B = Non-inter-level travel time spent in this place.
 C = Inter-level travel time spent in this place.
 D = Time resting spent in this place.
 E = Time spent auto-exploring this place.
 F = Levels seen in this place.
 G = Mean time per level.
                   A        B        C        D        E       F      G
               +--------+--------+--------+--------+--------+-----+--------+
         Total |  66452 |  59220 |   7232 |   5510 |  39983 |  52 | 1277.9 |
       Dungeon |  21803 |  18608 |   3195 |   1111 |  14179 |  15 | 1453.5 |
          Lair |   7170 |   6295 |    875 |    258 |   4842 |   5 | 1434.0 |
        Shoals |   5422 |   4810 |    612 |    339 |   2974 |   4 | 1355.5 |
   Spider Nest |   5729 |   5116 |    613 |    798 |   2911 |   4 | 1432.2 |
  Orcish Mines |   1662 |   1500 |    162 |     52 |   1116 |   2 |  831.0 |
   Elven Halls |   4026 |   3814 |    212 |   1003 |   2014 |   3 | 1342.0 |
        Vaults |   7212 |   6531 |    681 |    486 |   4375 |   5 | 1442.4 |
         Crypt |   1224 |   1100 |    124 |    186 |    636 |   2 |  612.0 |
        Depths |   4506 |   3964 |    542 |    228 |   2790 |   4 | 1126.5 |
           Zot |   5795 |   5582 |    213 |    926 |   3256 |   5 | 1159.0 |
        Bailey |    503 |    503 |      0 |     65 |    234 |   1 |  503.0 |
    Desolation |    754 |    754 |      0 |     57 |    347 |   1 |  754.0 |
      Gauntlet |    641 |    641 |      0 |      0 |    306 |   1 |  641.0 |
               +--------+--------+--------+--------+--------+-----+--------+

Top non-repeatable levels by time:
     D:1: 2248 daAuts
   Elf:3: 2056 daAuts
    D:12: 2012 daAuts
     D:6: 1940 daAuts
  Lair:2: 1877 daAuts
     D:5: 1822 daAuts
Shoals:4: 1689 daAuts
Vaults:1: 1666 daAuts
     D:3: 1632 daAuts
Spider:1: 1607 daAuts
Spider:4: 1593 daAuts
Vaults:5: 1580 daAuts
  Lair:4: 1566 daAuts
    D:13: 1539 daAuts
   Zot:4: 1513 daAuts
